 Dungeon Crawl Stone Soup version 0.31-a0-1008-g5b978dac0e (webtiles) character file.

Game seed: 3755044449130688718

4131 Anamonty the Tainter (level 10, 0/66 HPs)
             Began as an Octopode Venom Mage on Nov 12, 2023.
             Was a Believer of Qazlal.
             Slain by a vampire mosquito (9 damage)
             ... on level 9 of the Dungeon.
             The game lasted 00:14:19 (8201 turns).

Anamonty the Tainter (Octopode Venom Mage)          Turns: 8201, Time: 00:14:20

Health: 0/66       AC:  1    Str: 11    XL:     10   Next: 27%
Magic:  3/18       EV: 15    Int: 19    God:    Qazlal [**....]
Gold:   657        SH:  2    Dex: 12    Spells: 9/20 levels left

rFire   . . .        j - +2 dagger (elec)
rCold   . . .        (no shield)
rNeg    . . .        (helmet restricted)
rPois   .            (no amulet)
rElec   .            g - ring of see invisible
rCorr   .            (no ring)
SInv    +            (no ring)
Will    .....        (no ring)
Stlth   +++          (no ring)
HPRegen 0.31/turn    (no ring)
MPRegen 0.16/turn    (no ring)
                     (no ring)

%: no passive effects
@: studying Axes
A: almost no armour, amphibious, 8 rings, camouflage 1, gelatinous body 1,
(nimble swimmer 1), tentacles
a: Renounce Religion, Upheaval


You were on level 9 of the Dungeon.
You worshipped Qazlal.
Qazlal was pleased with you.
You visited 2 branches of the dungeon, and saw 10 of its levels.
You also visited: Sewer.

You collected 726 gold pieces.
You spent 69 gold pieces at shops.

Inventory:

Hand Weapons
 j - a +2 dagger of electrocution (weapon)
Missiles
 H - a throwing net
 J - 5 silver javelins
Jewellery
 g - a ring of see invisible (left tentacle)
 w - a ring of magical power
 z - an amulet of magic regeneration
 D - an amulet of faith
Talismans
 d - a flux talisman
 K - a serpent talisman
Wands
 y - a wand of flame (17)
 B - a wand of roots (9)
 C - a wand of quicksilver (4)
Scrolls
 f - 4 scrolls of amnesia
 h - a scroll of fog {unknown}
 k - 2 scrolls of noise
 l - 3 scrolls of blinking
 m - 2 scrolls of immolation
 n - a scroll of summoning {unknown}
 o - a scroll of fear {unknown}
 p - 4 scrolls of teleportation
 q - 3 scrolls of poison {unknown}
 u - a scroll of revelation {unknown}
 v - a scroll of enchant weapon {unknown}
 x - a scroll of silence {unknown}
 E - a scroll of vulnerability {unknown}
 G - a scroll of enchant armour {unknown}
Potions
 a - 2 potions of magic
 b - 5 potions of heal wounds
 c - 4 potions of might
 e - 3 potions of degeneration {unknown}
 i - 7 potions of curing
 r - 4 potions of attraction {unknown}
 s - 4 potions of mutation
 t - a potion of lignification {unknown}
 A - a potion of haste {unknown}
 I - a potion of cancellation {unknown}


   Skills:
 + Level 5.3 Fighting
 + Level 6.3 Dodging
 - Level 2.6 Stealth
 + Level 4.8 Unarmed Combat
 + Level 5.7 Spellcasting
 + Level 4.9 Transmutations
 - Level 9.0 Poison Magic
 + Level 3.8 Invocations


You had 9 spell levels left.
You knew the following spells:

 Your Spells              Type           Power      Damage    Failure   Level
a - Sting                 Tmut/Pois      100%       1d8       1%          1
b - Olgreb's Toxic Radia  Pois           39%        N/A       2%          4
c - Mephitic Cloud        Conj/Pois/Air  16%        N/A       10%         3
d - Ignite Poison         Fire/Tmut/Pois 23%        N/A       4%          3

Your spell library contained the following spells:

 Spells                   Type           Power      Damage    Failure   Level
 Poisonous Vapours        Pois/Air       44%        N/A       2%          2
 Sticky Flame             Conj/Fire      5%         2d3       75%         4
 Summon Ice Beast         Ice/Summ       5%         N/A       75%         4
 Summon Mana Viper        Hex/Summ       5%         N/A       97%         5
 Monstrous Menagerie      Summ           2%         N/A       100%        7
 Ignition                 Fire           2%         3d3       100%        8


Dungeon Overview and Level Annotations

Branches:
Dungeon (9/15)             Temple (1/1) D:4           Sewer (visited)
   Lair: D:8-11         Orc: D:9-12

Altars:
Ashenzari
Cheibriados
Dithmenos
Elyvilon
Fedhas
Gozag
Hepliaklqana
Kikubaaqudgha
Makhleb
Nemelex Xobeh
Okawaru
Qazlal
Ru
Sif Muna
Trog
Uskayaw
Vehumet
Wu Jian
Xom
Yredelemnul
Zin
The Shining One

Shops:
D:2 *   D:4 *   D:5 *   D:6 (   D:9 *


Innate Abilities, Weirdness & Mutations

You cannot wear most types of armour.
You are amphibious.
You can wear up to eight rings at the same time.
Your skin changes colour to match your surroundings (Stealth+).
Your rubbery body absorbs attacks. (AC +1, EV +1)
((You are camouflaged when in or above water. (Stealth+)))
You have tentacles for arms and can constrict up to eight enemies at once.


Message History

The stinking cloud engulfs the vampire mosquito but does no damage.
The vampire mosquito is lightly damaged.
The stinking cloud engulfs the vampire mosquito but does no damage.
The vampire mosquito is almost destroyed.
You hear a shout! x2
The vampire mosquito is engulfed in blazing flames.
You destroy the vampire mosquito!
Qazlal accepts your kill.
The vampire mosquito barely misses you. x2; The vampire mosquito bites you!
The vampire mosquito draws strength from your injuries!
The vampire mosquito barely misses you.
Casting: Mephitic Cloud (dangerous; 10% risk of failure)
Confirm with . or Enter, or press ? or * to list all spells.
You don't have enough magic to cast this spell.
Unknown command.
Unknown command.
Unknown command.
You hit the vampire mosquito. Your grab misses the vampire mosquito.
The vampire mosquito is severely damaged.
The vampire mosquito bites you.
The vampire mosquito draws strength from your injuries!
The vampire mosquito completely misses you.
The vampire mosquito bites you!
The vampire mosquito draws strength from your injuries!
The vampire mosquito misses you.
You hit the vampire mosquito. Your grab misses the vampire mosquito.
Your squeeze misses the vampire mosquito.
The vampire mosquito is severely damaged.
The vampire mosquito bites you!
The vampire mosquito draws strength from your injuries!
The vampire mosquito completely misses you.
The vampire mosquito barely misses you.
You miss the vampire mosquito. Your grab misses the vampire mosquito.
Your squeeze misses the vampire mosquito.
The vampire mosquito is severely damaged.
The vampire mosquito misses you. The vampire mosquito bites you!
* * * LOW HITPOINT WARNING * * *
The vampire mosquito draws strength from your injuries!
The vampire mosquito bites you!
You die...

#..# ##..## ##.....
##...... ### #....... #.#
#.....∩. ##.## #..####.
..####.y○## #.####..
#.....†.@.# ##.##....
#>)..)y..# ###........
##..)##..# #.....<....
##..#...#####..........
.......................
........................
.....(..............####.
.#..................# #
##................##


You could see 2 vampire mosquitoes.

Vanquished Creatures
  A hornet (D:9)
  Sigmund (D:3)
  3 yaks (D:7)
  Grum (D:8)
  A steam dragon (D:4)
  2 vampire mosquitoes (D:9)
  A water moccasin (Sewer)
  An ice beast (D:8)
  2 black bears
  4 ogres (D:6)
  4 wolves
  5 centaurs
  A phantom (D:7)
  2 kobold brigands
  2 bullfrogs
  A gnoll sergeant (D:5)
  3 wights (D:8)
  A howler monkey (D:8)
  5 orc priests
  2 hounds (D:5)
  A gnoll bouda (D:7)
  A sleepcap (D:8)
  Terence (D:3)
  An iguana (D:6)
  4 orc wizards
  Natasha (thrice) (D:3)
  7 adders
  9 gnolls
  2 white imps (D:6)
  8 worms
  A dart slug (D:1)
  11 orcs
  8 bats
  6 endoplasms
  3 giant cockroaches
  5 goblins
  6 hobgoblins
  4 jackals (D:4)
  20 kobolds
  7 quokkas
  4 ball pythons
  A frilled lizard (D:2)
  6 rats
162 creatures vanquished.

Vanquished Creatures (others)
  An orc wizard (D:9)
  An endoplasm (D:4)
2 creatures vanquished.

Grand Total: 164 creatures vanquished

Notes
Turn   | Place    | Note
-------+----------+-------------------------------------------
     0 | D:1      | Anamonty the Octopode Venom Mage began the quest for the
                  | Orb.
     0 | D:1      | Reached XP level 1. HP: 11/11 MP: 3/3
   260 | D:1      | Reached XP level 2. HP: 17/17 MP: 3/5
   320 | D:1      | Reached skill level 4 in Poison Magic
   722 | D:2      | Reached XP level 3. HP: 21/21 MP: 2/6
  1221 | D:2      | Found Jafan's General Store.
  1246 | D:2      | Reached XP level 4. HP: 27/27 MP: 7/7
  1259 | D:2      | Bought a potion of curing for 42 gold pieces
  1419 | D:3      | Learned a level 4 spell: Olgreb's Toxic Radiance
  1419 | D:3      | Noticed Sigmund
  1557 | D:3      | Reached skill level 5 in Poison Magic
  1581 | D:3      | Found a glowing drain.
  1592 | Sewer    | Entered a sewer
  1644 | Sewer    | Noticed a water moccasin
  1655 | Sewer    | Killed a water moccasin
  1656 | Sewer    | Reached XP level 5. HP: 23/31 MP: 9/9
  1801 | D:3      | Reached skill level 6 in Poison Magic
  1853 | D:3      | Learned a level 3 spell: Mephitic Cloud
  1858 | D:3      | Noticed Natasha
  1874 | D:3      | Killed Natasha
  1875 | D:3      | Reached XP level 6. HP: 30/36 MP: 5/10
  1876 | D:3      | Killed Sigmund
  1877 | D:3      | Reached skill level 1 in Fighting
  2008 | D:3      | Noticed Natasha
  2015 | D:3      | Killed Natasha
  2105 | D:3      | Noticed Terence
  2115 | D:3      | Killed Terence
  2116 | D:3      | Reached XP level 7. HP: 38/43 MP: 5/12
  2139 | D:3      | Learned a level 3 spell: Ignite Poison
  2205 | D:3      | Noticed Natasha
  2213 | D:3      | Killed Natasha
  2660 | D:4      | Noticed a steam dragon
  2827 | D:4      | Reached skill level 7 in Poison Magic
  2926 | D:4      | Found a shimmering altar of Xom.
  2998 | D:4      | Found Yfer's Assorted Antiques.
  3007 | D:4      | Bought a scroll labelled ARONETH QEASYM for 27 gold pieces
  3024 | D:4      | Found a staircase to the Ecumenical Temple.
  3078 | Temple   | Entered the Ecumenical Temple
  3119 | Temple   | Became a worshipper of Qazlal Stormbringer
  3353 | D:4      | Killed a steam dragon
  3354 | D:4      | Reached skill level 1 in Unarmed Combat
  3448 | D:5      | Entered Level 5 of the Dungeon
  3571 | D:5      | Found an opulent altar of Gozag.
  3576 | D:5      | Found Gozag's Platinum Reserve.
  3959 | D:5      | Reached XP level 8. HP: 36/51 MP: 8/14
  4589 | D:5      | Found a glowing golden altar of the Shining One.
  4776 | D:6      | Found Jeablemae's Weapon Shoppe.
  5044 | D:6      | Found a white marble altar of Elyvilon.
  5051 | D:6      | Reached skill level 8 in Poison Magic
  5685 | D:6      | Found a glowing silver altar of Zin.
  5686 | D:6      | Found an ancient bone altar of Kikubaaqudgha.
  5789 | D:7      | Noticed a yak
  5790 | D:7      | Noticed a yak
  5792 | D:7      | Noticed a yak
  5842 | D:6      | Reached skill level 5 in Dodging
  5842 | D:6      | Reached XP level 9. HP: 26/57 MP: 3/15
  6015 | D:7      | Reached skill level 9 in Poison Magic
  6037 | D:7      | Reached skill level 1 in Invocations
  6175 | D:7      | Reached * piety under Qazlal
  6229 | D:7      | Found an iron altar of Okawaru.
  6377 | D:7      | Found a snail-covered altar of Cheibriados.
  6461 | D:7      | Reached skill level 5 in Spellcasting
  6528 | D:7      | Found a bloodstained altar of Trog.
  6532 | D:7      | Found a shadowy altar of Dithmenos.
  6537 | D:7      | Found a sparkling altar of Nemelex Xobeh.
  6680 | D:7      | Found a hide-covered altar of Uskayaw.
  6811 | D:8      | Noticed Grum
  7068 | D:8      | Killed Grum
  7459 | D:8      | Reached XP level 10. HP: 47/65 MP: 5/18
  7694 | D:8      | Reached skill level 5 in Fighting
  7860 | D:9      | Found Weidghe's General Store.
  7994 | D:9      | Reached ** piety under Qazlal
  8201 | D:9      | Slain by a vampire mosquito

Illustrated notes

Levels and vault maps discovered:
D:1:      lightli_iron_boxes, layout_basic
D:2:      layout_loops_ring, serial_shops, nicolae_shop_tiny_glass
D:3:      layout_basic, gup_sewer_entry_bubbles, nicolae_wormholes,
          uniq_sigmund, uniq_natasha, uniq_terence
D:4:      layout_basic, mainiacjoe_overflow_cross_hatched, temple_doors_cd,
          serial_shops, nicolae_lakefront_shop
D:5:      black_bear_nest_2, layout_basic, tso_altar,
          nicolae_gozag_zags_fifth_avenue
D:6:      layout_loops_cross, nicolae_elyvilon_temple_path,
          mainiacjoe_overflow_big_doors, serial_shops, shop, minmay_manual_mares
D:7:      layout_rooms, mainiacjoe_overflow_paths,
          nicolae_overflow_crystal_walls, mainiacjoe_overflow_alcove_2,
          grunt_temple_overflow_diamond
D:8:      layout_rooms, uniq_grum
D:9:      layout_layer_cave, david_lair_shrubbed, hiddenorc1_lemuel,
          serial_shops, shop
Temple:   hellmonk_temple_flake

Skill      XL: |  1  2  3  4  5  6  7  8  9 10 |
---------------+-------------------------------+-----
Poison Magic   | 4 5 6 7 8 9 |  9.0
Dodging        | 3 4 5 6 |  6.3
Spellcasting   | 3 4 5 |  5.7
Fighting       | 1 2 3 4 5 |  5.3
Unarmed Combat | 1 3 4 |  4.8
Transmutations | 2 3 4 |  4.9
Invocations    | 3 |  3.8
Stealth        | |  2.6

Action                     |  1- 3 |  4- 6 |  7- 9 | 10-12 || total
---------------------------+-------+-------+-------+-------++-------
  Melee: Unarmed           |    38 |       |       |       ||    38
         Constrict         |    16 |    13 |    17 |     5 ||    51
         Tentacles         |    12 |     8 |    23 |     2 ||    45
         Dagger            |     3 |    56 |    93 |    14 ||   166
         Punch             |     1 |     1 |     1 |     2 ||     5
   Cast: Sting             |    23 |     5 |    15 |       ||    43
         Olgreb's Toxic Ra |       |     5 |    46 |     4 ||    55
         Ignite Poison     |       |       |     7 |     7 ||    14
         Mephitic Cloud    |       |       |    12 |     6 ||    18
    Use: Potion            |       |     1 |       |       ||     1
         Scroll            |       |       |     6 |     2 ||     8
   Stab: Sleeping          |     3 |     9 |     6 |       ||    18
         Confused          |       |       |     2 |       ||     2
 Armour: Skin              |    15 |    21 |    53 |     9 ||    98
  Dodge: Dodged            |    24 |    35 |    60 |    20 ||   139
  Block: Other             |       |       |     2 |     4 ||     6

Table legend: (Time is in decaauts)
 A = Elapsed time spent in this place.
 B = Non-inter-level travel time spent in this place.
 C = Inter-level travel time spent in this place.
 D = Time resting spent in this place.
 E = Time spent auto-exploring this place.
 F = Levels seen in this place.
 G = Mean time per level.
                   A        B        C        D        E       F      G
               +--------+--------+--------+--------+--------+-----+--------+
         Total |   8210 |   8051 |    159 |      0 |   6492 |  11 |  746.4 |
       Dungeon |   8029 |   7870 |    159 |      0 |   6377 |   9 |  892.1 |
        Temple |     52 |     52 |      0 |      0 |     18 |   1 |   52.0 |
         Sewer |    127 |    127 |      0 |      0 |     97 |   1 |  127.0 |
               +--------+--------+--------+--------+--------+-----+--------+

Top non-repeatable levels by time:
     D:5: 1322 daAuts
     D:6: 1251 daAuts
     D:3: 980 daAuts
     D:8: 979 daAuts
     D:7: 885 daAuts
     D:4: 847 daAuts
     D:2: 738 daAuts
     D:1: 709 daAuts
     D:9: 313 daAuts
   Sewer: 127 daAuts
  Temple: 52 daAuts
